 Dungeon Crawl Stone Soup version 0.18-a0-1120-g03bd624 (webtiles) character file.

3316 sugabear the Ducker (level 10, -4/51 HPs)
             Began as a Vine Stalker Gladiator on Jan 17, 2016.
             Was a Follower of Qazlal.
             Slain by an ogre
             ... wielding a +0 giant club
              (11 damage)
             ... while paralysed
             ... on level 8 of the Dungeon.
             The game lasted 00:20:53 (7616 turns).

sugabear the Ducker (Vine Stalker Gladiator)        Turns: 7616, Time: 00:20:53

Health: -4/51      AC:  6    Str: 21    XL:     10   Next: 1%
Magic:  0/12       EV:  2    Int:  8    God:    Qazlal [*.....]
Gold:   221        SH:  0    Dex: 15    Spells: 0 memorised, 9 levels left

rFire  + . .     SeeInvis .     a - +2 whip (freeze)
rCold  + . .     Gourm    .     w - +1 leather armour {rPois}
rNeg   . . .     Faith    .     N - +0 buckler {rC+}
rPois  +         Spirit   +     c - +0 helmet
rElec  .         Dismiss  .     D - +0 cloak
rCorr  .         Reflect  .     (no gloves)
SustAt .         Harm     .     (no boots)
MR     +....     Rnd*Tele +     (no amulet)
Stlth  +.........               T - ring of teleportation (curse)
                                P - ring of protection from fire

@: paralysed, lethally poisoned (-4 -> -4), exhausted, slowed, somewhat
resistant to hostile enchantments, very unstealthy
A: fangs 3, regeneration 2, magic shield, antimagic bite, no device heal 3, rot
immunity
a: Renounce Religion


You were on level 8 of the Dungeon.
You worshipped Qazlal.
Qazlal was aware of your devotion.
You were near starving.

You visited 2 branches of the dungeon, and saw 9 of its levels.
You also visited: Bailey.

You collected 536 gold pieces.
You spent 315 gold pieces at shops.

Inventory:

Hand Weapons
 a - a +2 whip of freezing (weapon)
 b - a +2 greatsling of freezing
 q - a +0 mace
 B - a +0 mace of draining
 I - a +1 mace of freezing
 R - a +3 mace
Missiles
 d - a throwing net
 u - 4 javelins of returning
 K - 38 tomahawks of returning (quivered)
 V - 163 stones
Armour
 c - a +0 helmet (worn)
 w - a +1 leather armour of poison resistance (worn)
 D - a +0 cloak (worn)
 M - a +0 large shield of protection
 N - a +0 buckler of cold resistance (worn)
Jewellery
 P - a ring of protection from fire (left hand)
 T - a cursed ring of teleportation (right hand)
 U - an uncursed ring of see invisible
Wands
 j - a wand of lightning (0/15)
 t - a wand of frost (0/48)
 H - a wand of random effects (0/48)
 W - a wand of slowing (27/48)
 Y - a wand of digging (15/24)
Scrolls
 e - 3 scrolls of enchant weapon {unknown}
 g - 4 scrolls of random uselessness {unknown}
 k - 9 scrolls of remove curse
 l - 3 scrolls of fear {unknown}
 m - 5 scrolls of identify {unknown}
 n - 3 scrolls of teleportation {unknown}
 r - a scroll of immolation {unknown}
 y - a scroll of amnesia {unknown}
 C - 2 scrolls of enchant armour {unknown}
 E - a scroll of blinking {unknown}
 Q - a scroll of summoning {unknown}
Potions
 i - 3 potions of flight
 o - 6 potions of curing
 p - a potion of lignification
 x - a potion of cancellation
 z - a potion of heal wounds
 A - a potion of berserk rage
 F - a potion of beneficial mutation {unknown}
 J - a potion of haste {unknown}
 L - a potion of might {unknown}
 S - 2 potions of magic {unknown}
Books
 G - a Fen Folio

   Spells                             Type                      Level
   a - Corpse Rot                     Necromancy                   2
   b - Stone Arrow                    Conjuration/Earth            3
   c - Leda's Liquefaction            Hexes/Earth                  4
   d - Summon Forest                  Summoning/Translocation      5
   e - Hydra Form                     Transmutation                6
   f - Summon Hydra                   Summoning                    7
 O - a book of Maledictions

   Spells                             Type                      Level
   a - Corona                         Hexes                        1
   b - Ensorcelled Hibernation        Hexes/Ice                    2
   c - Confuse                        Hexes                        3
   d - Tukima's Dance                 Hexes                        3
   e - Dazzling Spray                 Conjuration/Hexes            3
Comestibles
 f - 3 bread rations
 h - 3 meat rations
 X - a chunk of flesh


   Skills:
 + Level 5.0 Fighting
 + Level 6.2 Maces & Flails
 + Level 2.7(4.1) Slings
 + Level 4.7(5.1) Throwing
 + Level 4.2 Armour
 + Level 6.4 Dodging
 + Level 1.5 Shields
 + Level 2.1 Evocations


You had 9 spell levels left.
You didn't know any spells.

Dungeon Overview and Level Annotations

Branches:
Dungeon (8/15)             Temple (1/1) D:7
   Lair: D:8-11

Altars:
Ashenzari
Cheibriados
Dithmenos
Fedhas
Gozag
Okawaru
Qazlal
Xom
Zin
The Shining One

Shops:
D:6 :   D:7 =   D:8 :


Innate Abilities, Weirdness & Mutations

You have razor-sharp teeth.
You heal very quickly.
When hurt, damage is shared between your health and your magic reserves.
Your bite disrupts and absorbs the magic of your enemies.
Potions and wands cannot restore your health.
You are immune to rotting.


Message History

You feel a strong urge to attack something.
Found a morningstar.
You feel your anger subside.
An orc comes into view. It is wielding a club.
You are no longer berserk.
You pass out from exhaustion.
You feel yourself slow down.
You are near starving!
The orc shouts!
Found a stone staircase leading down.
You feel sick.
A giant frog zombie comes into view.
The orc hits you with a club.
* * * LOW HITPOINT WARNING * * *
The giant gecko completely misses you. The orc hits you with a club.
* * * LOW HITPOINT WARNING * * *
The giant gecko bites you.
* * * LOW HITPOINT WARNING * * *
The ogre hits you with a giant club!!
You die...

# ### .. . ... .> #. #
#.. ##Z #. #.# #.#.. #<
#.# #....#### ## #.#
#..)....# #<#
.##.##.#.######.## ###
....[.l#O.........
#########(##.@###.......
#....)..W(.##o# .......
####.....o.(......
.......
.....)...o.o.....##
.......
.....########....#
....... .....# #...∩.
....... .....# #...#.
....... .....# #.#. .
.....########.


You could see an ogre, an orc, a giant frog zombie (wandering) and a giant
gecko.

Vanquished Creatures
  Pikel (D:7)
  An orc knight (Bailey)
  A hippogriff (D:8)
  2 orc warriors (Bailey)
  3 slaves (D:6)
  A centaur (D:6)
  4 ogres
  A giant frog (D:5)
  A big kobold (D:8)
  The ghost of sugabear the Cudgeler, an amateur VSGl (D:3)
  3 scorpions
  6 killer bees
  7 wights
  A crimson imp (D:7)
  A jelly (D:7)
  A giant frog zombie (D:7)
  3 hounds
  A giant frog skeleton (D:5)
  2 iguanas
  An orc wizard (D:3)
  5 worker ants
  A hound skeleton (D:6)
  A worker ant zombie (D:8)
  9 adders
  12 gnolls
  An adder zombie (D:7)
  An ooze (D:1)
  An adder skeleton (D:4)
  2 worms
  A giant gecko (D:8)
  9 orcs
  3 giant cockroaches
  12 goblins
  11 hobgoblins
  7 jackals
  22 kobolds
  5 quokkas
  2 ball pythons
  3 bats
  A giant gecko skeleton (D:5)
  A giant gecko zombie (D:6)
  9 giant newts
  A jackal skeleton (D:5)
  A quokka zombie (D:5)
  5 rats
168 creatures vanquished.

Notes
Turn   | Place    | Note
--------------------------------------------------------------
     0 | D:1      | sugabear the Vine Stalker Gladiator began the quest for the Orb.
     0 | D:1      | Reached XP level 1. HP: 11/11 MP: 2/2
    90 | D:1      | Reached skill level 3 in Maces & Flails
    90 | D:1      | Reached XP level 2. HP: 15/15 MP: 3/3
   599 | D:2      | Reached XP level 3. HP: 18/18 MP: 4/4
   976 | D:3      | Reached XP level 4. HP: 23/23 MP: 5/5
  1001 | D:3      | Reached skill level 1 in Armour
  1010 | D:3      | Noticed sugabear's ghost (amateur VSGl)
  1042 | D:3      | Killed sugabear's ghost
  1042 | D:3      | Reached XP level 5. HP: 12/27 MP: 3/6
  1306 | D:3      | Found a faded altar to an unknown god.
  1325 | D:3      | Reached skill level 4 in Maces & Flails
  1705 | D:4      | Found a shadowy altar of Dithmenos.
  1765 | D:4      | Gained mutation: You heal very quickly. [Vine Stalker growth]
  1765 | D:4      | Reached XP level 6. HP: 21/32 MP: 4/7
  1805 | D:4      | Found an iron altar of Okawaru.
  1908 | D:4      | Found Zin's Purification Station.
  1913 | D:4      | Found a glowing silver altar of Zin.
  1916 | D:4      | Bought a potion of curing for 90 gold pieces
  2594 | D:5      | Entered Level 5 of the Dungeon
  2762 | D:5      | Found a glowing golden altar of the Shining One.
  2818 | D:5      | Reached XP level 7. HP: 36/36 MP: 8/8
  3791 | D:6      | Reached skill level 5 in Maces & Flails
  3911 | D:6      | Found a blossoming altar of Fedhas.
  3932 | D:6      | Found a shimmering altar of Xom.
  3967 | D:6      | Gained mutation: You have razor-sharp teeth. [Vine Stalker growth]
  3967 | D:6      | Reached XP level 8. HP: 39/42 MP: 9/9
  4265 | D:6      | Found Ruastoa's Book Shoppe.
  4447 | D:7      | Found a staircase to the Ecumenical Temple.
  4453 | Temple   | Entered the Ecumenical Temple
  4513 | Temple   | Became a worshipper of Qazlal Stormbringer
  4586 | D:7      | Found a flagged portal.
  4773 | D:7      | Noticed Pikel
  4807 | Bailey   | Entered a bailey
  4816 | Bailey   | Noticed an orc knight
  5215 | Bailey   | HP: 2/42 [orc knight/broad axe (13)]
  5291 | Bailey   | Killed an orc knight
  5291 | Bailey   | Reached XP level 9. HP: 46/46 MP: 9/11
  5375 | Bailey   | Reached * piety under Qazlal
  5470 | D:7      | Reached skill level 5 in Dodging
  5920 | D:7      | Killed Pikel
  5920 | D:7      | Reached skill level 6 in Maces & Flails
  5920 | D:7      | Reached skill level 1 in Shields
  6113 | D:7      | Found Ekainat's Jewellery Boutique.
  6117 | D:7      | Bought an uncursed ring of see invisible for 225 gold pieces
  7400 | D:8      | Found a shattered altar of Ashenzari.
  7404 | D:8      | Saw a vision of the Shoals and the Snake Pit.
  7404 | D:8      | Noticed a sea snake
  7404 | D:8      | Noticed a merfolk
  7404 | D:8      | Noticed a naga warrior
  7404 | D:8      | Noticed a shock serpent
  7404 | D:8      | Noticed a naga warrior
  7404 | D:8      | Noticed a naga warrior
  7405 | D:8      | Noticed a black mamba
  7405 | D:8      | Noticed a black mamba
  7405 | D:8      | Noticed a black mamba
  7405 | D:8      | Noticed a siren
  7438 | D:8      | Reached skill level 5 in Fighting
  7438 | D:8      | Reached skill level 1 in Slings
  7546 | D:8      | Found Guinui's Book Shop.
  7583 | D:8      | Reached XP level 10. HP: 36/51 MP: 10/12
  7616 | D:8      | Slain by an ogre

Vault maps used:
D:1:      dpeg_arrival_sounds_slurp, serial_bayou_pond_e
D:3:      ecumenical_altar_1
D:4:      zin_purify, nicolae_overflow_crystal_walls, okawaru_metal_pillars_1_2
D:5:      lemuel_crystal_altar, first_bread
D:6:      xom_butterflies, serial_shops, shop, roderic_ancient_swastika,
          fedhas_altar_2
D:7:      minmay_temple_entry_statues_pillars, enter_bailey_2, serial_shops,
          kennysheep_mini_moat, minmay_door_square, uniq_pikel
D:8:      grunt_pakellas_sulfur, serial_shops, shop, grunt_ashenzari_visionary
Temple:   chambers_temple_12
Bailey:   bailey_axe_4, bailey

Action                   |  1- 3 |  4- 6 |  7- 9 | 10-12 || total
-------------------------+-------+-------+-------+-------++-------
Melee: Flail             |    21 |       |       |       ||    21
       Mace              |    68 |   129 |   235 |       ||   432
       Whip              |       |       |    64 |    21 ||    85
 Fire: Greatsling        |       |       |    32 |       ||    32
Throw: Javelin           |     2 |    13 |     2 |       ||    17
       Tomahawk          |       |       |    95 |       ||    95
       Throwing net      |       |       |     6 |       ||     6
Evoke: Wand              |       |       |    25 |       ||    25
  Use: Potion            |       |       |     5 |     4 ||     9
       Scroll            |       |       |     1 |       ||     1
  Eat: Chunk             |       |     6 |     9 |       ||    15
       Beef jerky        |       |       |     1 |       ||     1
       Pizza             |       |       |     3 |       ||     3
